Map: Turbo Cruise '84 LE

Players

sandboX - Winner!

  • Race: Zerg Zerg
  • League: Gold
  • Spawn Location: 7:00

AiDz

  • Race: Terran Terran
  • League: Gold
  • Spawn Location: 3:00

VOD

Have the link to the VOD?

Description

Time

  • Played on: Aug. 15, 2019, 3:07 a.m.
  • Length: 17:54
Show
View Real Time Build Order
Export as new Build Order

sandboX Zerg - Winner!

Build Orders: Hatch First 

Get SALT Encoding   

  12  0:02  Drone  
  13  0:13  Overlord  
  13  0:20  Drone  
  14  0:31  Drone x2  
  16  0:51  Hatchery  
  16  0:55  Drone  
  16  0:58  Drone  
  16  1:02  Drone  
  18  1:08  Extractor  
  17  1:22  Spawning Pool  
  17  1:24  Drone  
  17  1:27  Drone  
  18  1:37  Extractor  
  17  1:41  Drone x2  
  19  1:51  Overlord  
  19  2:09  Zergling x4  
  19  2:10  Queen  
  19  2:14  Queen  
  25  2:26  Metabolic Boost  
  25  2:29  Drone x2  
  27  2:39  Drone x3  
  30  2:58  Hatchery  
  30  3:04  Drone x2  
  31  3:06  Drone  
  31  3:09  Drone  
  33  3:14  Overlord  
  33  3:24  Zergling x2  
  34  3:36  Drone x8  
  42  3:44  Roach Warren  
  40  4:11  Drone x7  
  40  4:12  Drone x2  
  48  4:22  Extractor x2  
  46  4:25  Roach  
  46  4:28  Lair  
  48  4:32  Drone  
  48  4:34  Evolution Chamber, Overlord x4  
  48  4:35  Evolution Chamber  
  47  4:45  Drone x2  
  49  4:58  Drone  
  49  4:59  Drone x5  
  55  5:04  Drone x5  
  60  5:09  Zerg Ground Armor Level 1, Zerg Missile Weapons Level 1  
  60  5:12  Roach  
  60  5:13  Roach  
  64  5:22  Roach x2  
  64  5:23  Roach  
  65  5:32  Roach x6  
  69  5:38  Roach x2  
  69  5:49  Hydralisk Den  
  66  5:52  Roach x3  
  58  6:32  Muscular Augments  
  58  6:33  Glial Reconstitution  
  58  6:43  Overlord  
  58  6:44  Overlord x2  
  58  6:46  Roach x4  
  66  6:50  Hatchery  
  65  7:00  Queen  
  67  7:01  Queen  
  67  7:02  Overlord x2  
  67  7:05  Roach  
  67  7:08  Hatchery  
  70  7:10  Zerg Missile Weapons Level 2  
  70  7:18  Zerg Ground Armor Level 2  
  70  7:46  Roach x9  
  88  7:56  Overlord x2  
  88  7:57  Overlord  
  84  8:12  Roach x5  
  90  8:20  Hydralisk x2  
  92  8:29  Drone x4  
  96  8:45  Hydralisk x4, Roach  
  90  9:16  Hydralisk x2  
  90  9:17  Hydralisk x4  
  102  9:31  Drone x13  
  107  9:32  Extractor  
  114  9:42  Extractor  
  113  10:03  Spore Crawler  
  113  10:05  Spore Crawler  
  111  10:16  Drone x15  
  126  10:28  Drone x7  
  133  10:41  Extractor x2  
  131  10:46  Grooved Spines  
  131  10:47  Hydralisk x3  
  131  10:48  Infestation Pit  
  136  10:51  Overlord x5  
  136  10:52  Overlord x2  
  136  11:11  Hydralisk x6, Roach x7  
  162  11:36  Hive  
  162  11:41  Overlord x4  
  162  11:42  Hydralisk  
  162  11:43  Hydralisk, Roach x8  
  154  12:09  Roach x15  
  164  12:41  Hydralisk x6  
  164  12:42  Hydralisk x8  
  192  12:55  Hatchery  
  183  13:06  Overseer  
  137  13:54  Hydralisk, Roach x7  
  137  13:55  Hydralisk x15, Roach x4  
  131  14:24  Roach x19  
  155  14:26  Hydralisk x3  
  162  14:47  Hydralisk, Roach  
  162  14:48  Hydralisk x6, Roach x3  
  184  15:07  Hatchery  
  183  15:16  Zerg Ground Armor Level 3, Zerg Missile Weapons Level 3  
  179  15:33  Roach x10  
  193  15:51  Hydralisk x4  
  179  16:36  Hydralisk x11  
  199  16:54  Spire  
  199  17:01  Drone x2  
  198  17:32  Drone x2  
Show
View Real Time Build Order
Export as new Build Order

AiDz Terran 

Build Orders:  

Get SALT Encoding   

  12  0:00  SCV  
  13  0:13  SCV  
  14  0:21  Supply Depot  
  14  0:25  SCV  
  15  0:46  Barracks  
  15  0:47  SCV  
  16  0:50  Refinery  
  16  0:59  SCV  
  17  1:04  Supply Depot  
  17  1:14  SCV, Supply Depot  
  18  1:35  Supply Depot  
  18  1:37  Reaper  
  19  1:47  Barracks  
  19  1:48  Orbital Command  
  19  1:58  Supply Depot  
  19  2:14  SCV  
  20  2:20  Engineering Bay  
  20  2:26  SCV  
  20  2:27  Barracks Reactor  
  21  2:35  Refinery  
  21  2:38  SCV  
  21  2:40  Factory  
  21  2:42  Barracks Tech Lab  
  22  2:58  Missile Turret  
  22  3:04  Marine x2  
  24  3:10  Concussive Shells  
  24  3:14  Marauder  
  26  3:28  Missile Turret  
  26  3:49  Marine x2  
  28  3:58  Marauder  
  28  4:00  Stimpack  
  28  4:01  Factory Tech Lab  
  30  4:07  Marine x2  
  31  4:20  Marauder  
  33  4:25  Siege Tank, Marine x2  
  33  4:29  SCV  
  39  4:41  Marauder  
  39  4:42  Marine  
  39  4:43  Marine  
  43  5:00  Marine x2  
  45  5:11  SCV  
  46  5:14  Terran Infantry Weapons Level 1  
  46  5:16  Command Center  
  46  5:23  SCV  
  47  5:54  Supply Depot x2  
  47  5:56  Supply Depot  
  47  6:00  Marine  
  47  6:01  Marine  
  42  6:17  Marine  
  42  6:19  Marine  
  43  6:37  Siege Tank  
  43  6:38  Marine x2  
  50  6:40  Marauder  
  50  6:42  Combat Shield  
  50  6:45  SCV  
  51  6:50  Orbital Command  
  51  6:57  SCV  
  54  7:01  Marauder  
  54  7:03  Starport  
  54  7:05  Marine x2  
  56  7:08  Terran Infantry Armor Level 1  
  58  7:22  Marauder  
  58  7:23  Marine x2  
  58  7:26  SCV x2  
  62  7:32  Supply Depot  
  62  7:38  SCV  
  62  7:43  Starport Reactor  
  65  7:44  Marauder  
  65  7:45  Marine x2  
  65  7:47  Widow Mine  
  69  7:54  Supply Depot  
  53  8:16  Supply Depot  
  51  8:25  Siege Tank  
  52  8:27  Medivac  
  52  8:28  Marine x2, Medivac  
  52  8:30  Marauder  
  52  8:32  SCV  
  61  8:42  SCV  
  61  8:44  SCV  
  61  8:46  Refinery, Marine  
  64  8:50  Refinery  
  64  8:51  Marine  
  64  8:52  Marauder  
  64  8:54  SCV  
  64  8:56  SCV  
  64  8:57  Widow Mine  
  64  9:04  Marine  
  64  9:06  SCV  
  64  9:08  Medivac x2  
  64  9:09  SCV  
  71  9:11  Supply Depot  
  71  9:13  Marauder  
  73  9:18  SCV  
  73  9:21  SCV, Marine  
  73  9:22  Marine  
  77  9:30  SCV  
  78  9:34  Marauder  
  80  9:38  Marine  
  81  9:46  Starport, Medivac x2  
  81  9:47  Siege Tank  
  81  9:49  Marine  
  81  9:51  SCV x2  
  91  9:56  Marine, Marauder  
  94  10:06  Marine  
  85  10:23  Factory  
  85  10:31  Marine x2  
  89  10:36  Hellion  
  89  10:37  Medivac  
  89  10:38  Medivac  
  89  10:40  Marauder  
  95  10:46  Starport  
  95  10:48  Marine x2  
  95  10:49  Starport Reactor  
  97  10:54  Infernal Pre-Igniter  
  99  10:57  Hellion  
  99  11:01  Marauder  
  103  11:18  Hellion  
  103  11:29  Armory  
  103  11:32  Factory Reactor  
  103  11:50  Supply Depot  
  103  11:52  Hellion x2  
  103  11:54  Marauder, Starport Tech Lab  
  109  11:57  Siege Tank  
  109  11:58  Marine x2  
  103  12:13  Hellion  
  103  12:15  Marauder  
  95  12:16  Marine x2  
  95  12:21  Hellion  
  99  12:22  Raven  
  99  12:24  Medivac x2  
  99  12:25  Starport Tech Lab  
  99  12:29  Siege Tank  
  108  12:30  Fusion Core  
  108  12:32  Terran Vehicle Weapons Level 1  
  108  12:34  Hellion  
  108  12:36  Marauder, Supply Depot x2  
  112  12:43  Marine, Command Center  
  112  12:44  Marine  
  114  12:58  Marauder  
  116  12:59  Supply Depot  
  116  13:01  Marine x2  
  118  13:16  Hellion  
  118  13:17  Hellion  
  118  13:19  Marine x2, Marauder  
  126  13:20  Battlecruiser  
  132  13:37  Marine  
  131  13:43  Marine  
  119  14:19  Terran Infantry Weapons Level 2  
  119  14:22  Battlecruiser  
  62  14:50  Barracks Reactor  
  62  14:52  Marauder  
  59  14:54  Thor  
  59  14:56  Hellion x2  
  69  15:07  Planetary Fortress  
  69  15:13  Marauder  
  71  15:17  Hellion x2  
  56  15:39  Hellion x2  
  25  16:09  Command Center  
  13  17:19  Command Center, Barracks  
  13  17:22  Barracks  
Tags
 
Add a new tag
Caveats
  • Supply blocks, unpowered buildings, or Contaminate may cause inaccurate times.
  • Supply counts are checked every 10 seconds.